 Dungeon Crawl Stone Soup version 0.31.0-12-g77e489cdc1 (webtiles) character file.

Game seed: 12094300992523995167

100 Cheops the Changeling (level 4, 0/28 HPs)
             Began as an Octopode Shapeshifter on Feb 26, 2024.
             Killed by divine providence
             ... invoked by an orc priest
              (13 damage)
             ... on level 3 of the Dungeon.
             The game lasted 00:01:48 (1369 turns).

Cheops the Changeling (Octopode Shapeshifter)       Turns: 1369, Time: 00:01:48

Health: 0/28       AC:  1    Str: 15    XL:     4   Next: 73%
Magic:  4/4        EV: 13    Int: 12    God:
Gold:   146        SH:  5    Dex: 11    Spells: 3/3 levels left

rFire   . .          .
                       - Unarmed
rCold   . . .        (no shield)
rNeg    . . .        (helmet currently unavailable)
rPois   .            g - amulet of reflection
rElec   .            (no ring)
rCorr   .            (no ring)
SInv    .            (no ring)
Will    .....        (no ring)
Stlth   ++           (no ring)
HPRegen 0.24/turn    (no ring)
MPRegen 0.09/turn    (no ring)
                     (no ring)

%: reflection
@: beast-form
A: beast (slay +2), almost no armour, amphibious, 8 rings, camouflage 1,
gelatinous body 1, (nimble swimmer 1), tentacles
a: Begin Untransformation


You were on level 3 of the Dungeon.
You were a hulking beast.
You visited 1 branch of the dungeon, and saw 3 of its levels.

You collected 146 gold pieces.

Inventory:

Jewellery
 g - an amulet of reflection (around mantle)
Talismans
 b - a beast talisman
 c - a flux talisman
 d - a serpent talisman
Scrolls
 e - a scroll of acquirement {unknown}
 h - a scroll of immolation {unknown}
 j - a scroll of butterflies {unknown}
 l - a scroll of amnesia {unknown}
Potions
 a - a potion of lignification
 f - 2 potions of heal wounds
 i - a potion of mutation {unknown}
 k - a potion of magic {unknown}


   Skills:
 - Level 1.0 Fighting
 - Level 2.0 Dodging
 - Level 3.0 Unarmed Combat
 + Level 5.0 Shapeshifting


You had 3 spell levels left.
You didn't know any spells.
Your spell library contained the following spells:

 Spells                   Type           Power      Damage    Failure   Level
 Call Imp                 Summ           0%         N/A       45%         2
 Sublimation of Blood     Necr           0%         N/A       45%         2
 Summon Hydra             Summ           0%         N/A       100%        7


Dungeon Overview and Level Annotations

Branches:
Dungeon (3/15)

Altars:


Innate Abilities, Weirdness & Mutations

You are a hulking beast.
Your limbs bulge with bestial killing power. (Slay +2)
You cannot wear most types of armour.
You are amphibious.
You can wear up to eight rings at the same time.
Your skin changes colour to match your surroundings (Stealth+).
Your rubbery body absorbs attacks. (AC +1, EV +1)
((You are camouflaged when in or above water. (Stealth+)))
You have tentacles for arms and can constrict up to eight enemies at once.


Message History

Unknown command.
It was a potion of heal wounds.
You feel much better.
You feel less confused. The orc wizard closely misses you.
You tentacle-slap the orc wizard but do no damage.
You grab the orc wizard. You squeeze the orc wizard.
The orc wizard is lightly wounded.
You constrict the orc wizard.
The orc wizard hits you with a +0 dagger.
You barely miss the orc wizard.
The orc wizard is moderately wounded.
You constrict the orc wizard.
You tentacle-slap the orc wizard but do no damage.
The orc wizard is moderately wounded.
You constrict the orc wizard. The orc wizard misses you.
You completely miss the orc wizard.
The orc wizard is heavily wounded.
You constrict the orc wizard.
The orc wizard hits you with a +0 dagger.
You tentacle-slap the orc wizard. You squeeze the orc wizard.
You kill the orc wizard!
Your Shapeshifting skill increases to level 5!
You tentacle-slap the rat.
You kill the rat!
You bludgeon the orc!
You kill the orc!
You tentacle-slap the orc. You grab the orc.
The orc is almost dead.
You constrict the orc.
You kill the orc!
You swing at nothing.
You tentacle-slap the orc priest. You grab the orc priest.
The orc priest is lightly wounded.
You constrict the orc priest, but do no damage.
The orc priest calls down the wrath of Beogh upon you.
Pain shoots through your body!
* * * LOW HITPOINT WARNING * * *
The orc priest calls down the wrath of Beogh upon you.
Beogh smites you!
You die...

#.# #....)...#
#.# #........#
#.# #........#
#.#####
#ooo.....#
#.#...# #.#
#.#...# #r#
#.#...# #.#
#[#...########o#
#.'.........ho.#
###...##########
#...# #...#
#####


You could see 2 orc priests.

Vanquished Creatures
  An orc wizard (D:3)
  4 adders
  A dart slug (D:1)
  3 ribbon worms (D:2)
  2 orcs (D:3)
  2 bats
  2 endoplasms
  3 goblins
  A hobgoblin (D:3)
  2 jackals (D:3)
  2 kobolds (D:1)
  A quokka (D:1)
  2 ball pythons (D:1)
  A frilled lizard (D:3)
  7 rats
34 creatures vanquished.

Notes
Turn   | Place    | Note
-------+----------+-------------------------------------------
     0 | D:1      | Cheops the Octopode Shapeshifter began the quest for the
                  | Orb.
     0 | D:1      | Reached XP level 1. HP: 13/13 MP: 1/1
   136 | D:1      | Reached XP level 2. HP: 16/18 MP: 2/2
   582 | D:2      | Reached skill level 4 in Shapeshifting
   582 | D:2      | Reached XP level 3. HP: 23/23 MP: 3/3
  1017 | D:3      | Found a faded altar of an unknown god.
  1121 | D:3      | Reached XP level 4. HP: 27/28 MP: 4/4
  1365 | D:3      | Reached skill level 5 in Shapeshifting
  1369 | D:3      | Killed from afar by an orc priest

Illustrated notes

Levels and vault maps discovered:
D:1:      eino_arrival_cavern_b, layout_basic
D:2:      layout_rooms
D:3:      layout_basic, palyth_temple_overflow_mages,
          shapermc_ecumenical_altar_ellora

Skill      XL: |  1  2  3  4 |
---------------+-------------+-----
Shapeshifting  | 4 5 |  5.0
Fighting       | |  1.0
Dodging        | |  2.0
Unarmed Combat | |  3.0

Action                     |  1- 3 |  4- 6 || total
---------------------------+-------+-------++-------
  Melee: Unarmed           |    59 |    26 ||    85
         Constrict         |    15 |     4 ||    19
         Tentacles         |    10 |     2 ||    12
         Punch             |     1 |     1 ||     2
    Use: Potion            |       |     1 ||     1
   Stab: Sleeping          |     3 |       ||     3
         Distracted        |     1 |       ||     1
 Armour: Skin              |    25 |     9 ||    34
  Dodge: Dodged            |    28 |    10 ||    38
  Block: Other             |     2 |     2 ||     4
